 Dungeon Crawl Stone Soup version 0.24.0-37-gcf1ca852f1 (webtiles) character file.

Game seed: 6472042552233400695, levelgen mode: deterministic

299312 Rediskos the Bludgeoner (level 21, -1/172 HPs)
             Began as a Formicid Fighter on Nov 23, 2019.
             Was the Champion of Qazlal.
             Slain by a saltling (14 damage)
             ... in the Desolation of Salt on Nov 24, 2019.
             The game lasted 02:15:38 (48053 turns).

Rediskos the Bludgeoner (Formicid Fighter)         Turns: 48053, Time: 02:15:38

Health: -1/172     AC: 39    Str: 22    XL:     21   Next: 89%
Magic:  18/30      EV: 13    Int: 11    God:    Qazlal [******]
Gold:   4624       SH: 30    Dex: 19    Spells: 20/20 levels left

rFire    + + +     SeeInvis +   K - +11 morningstar of Vengeance {crush, rElec rF+++ MR- SInv}
rCold    + . .     Gourm    .   O - +1 large shield {AC+3}
rNeg     . . .     Faith    .   y - +8 plate armour of the Solstice {rElec Regen+ Int+4 Dex+2}
rPois    +         Spirit   .   (helmet unavailable)
rElec    +         Reflect  .   D - +1 cloak {+Inv}
rCorr    .         Harm     .   B - +2 pair of gloves of the Game of Kings {rElec}
MR       +++..                  Y - +0 pair of boots
Stlth    ..........             H - necklace of Bloodlust {*Rage +Rage MR++ Int-3 Slay+6 *Curse}
HPRegen  0.78/turn              s - ring of poison resistance
MPRegen  0.22/turn              M - ring "Fiddow" {rF+ rC+}

@: protected from physical damage, very slightly contaminated, heavily drained,
invisible, repel missiles
A: permanent stasis, dig shafts and tunnels, four strong arms, antennae 3
}: 2/15 runes: decaying, serpentine
a: Dig, Shaft Self, Upheaval, Elemental Force, Disaster Area, Renounce Religion


You were in the Desolation of Salt.
You worshipped Qazlal.
Qazlal was exalted by your worship.
You were not hungry.

You visited 8 branches of the dungeon, and saw 36 of its levels.
You also visited: Ice Cave and Desolation.

You collected 4805 gold pieces.
You spent 181 gold pieces at shops.

Inventory:

Hand Weapons
 K - the +11 morningstar of Vengeance (weapon) {crush, rElec rF+++ MR- SInv}
   (You found it on level 2 of the Elven Halls)

   It inflicts extra damage upon your enemies.
   It renders you almost immune to fire.
   It insulates you from electricity.
   It affects your resistance to hostile enchantments.
   It lets you see invisible.
 V - a +0 arbalest of freezing
Missiles
 C - 36 bolts
Armour
 y - the +8 plate armour of the Solstice (worn) {rElec Regen+ Int+4 Dex+2}
   (You found it on level 3 of the Elven Halls)

   It affects your intelligence (+4).
   It affects your dexterity (+2).
   It insulates you from electricity.
   It increases your rate of regeneration.
 B - the +2 pair of gloves of the Game of Kings (worn) {rElec}
   (You found it on level 7 of the Dungeon)

   It insulates you from electricity.
 D - a +1 cloak of invisibility (worn)
 O - a +1 large shield of protection (worn)
 Y - a +0 pair of boots (worn)
Jewellery
 b - a -4 ring of intelligence
 c - a -2 ring of evasion
 j - the ring "Vipn" {Wiz rN+}
   (You found it on level 1 of the Orcish Mines)

   [ring of wizardry]

   It improves your spell success rate.
   It protects you from negative energy.
 s - a ring of poison resistance (left hand)
 H - the necklace of Bloodlust (around neck) {*Rage +Rage MR++ Int-3 Slay+6 *Curse}
   (You found it on level 13 of the Dungeon)

   [amulet of rage]

   It affects your intelligence (-3).
   It affects your accuracy and damage with ranged weapons and melee attacks
   (+6).
   It affects your resistance to hostile enchantments.
   It lets you go berserk.
   It may make you go berserk in combat.
   It curses itself when equipped.
 M - the ring "Fiddow" (right hand) {rF+ rC+}
   (You found it on level 2 of the Lair of Beasts)

   [ring of protection from fire]

   It protects you from fire.
   It protects you from cold.
 R - an uncursed ring of protection from cold
 S - an uncursed ring of ice
 U - an uncursed ring of flight
Wands
 k - a wand of paralysis (18)
 q - a wand of disintegration (13)
 u - a wand of clouds (6)
 J - a wand of acid (47)
 N - a wand of polymorph (24)
 T - a wand of iceblast (22)
 X - a wand of enslavement (7)
Scrolls
 e - 2 scrolls of vulnerability
 g - 2 scrolls of fear
 h - 9 scrolls of identify
 i - 20 scrolls of remove curse
 m - 5 scrolls of noise
 o - 9 scrolls of amnesia
 t - 3 scrolls of fog
 x - a scroll of immolation
 z - 2 scrolls of enchant weapon
 F - a scroll of brand weapon
 I - 4 scrolls of enchant armour
 Z - a scroll of magic mapping
Potions
 a - a potion of resistance
 d - 7 potions of might
 l - 9 potions of curing
 n - 3 potions of brilliance
 r - 5 potions of mutation
 v - 3 potions of flight
 G - 2 potions of cancellation
 L - 2 potions of agility
 P - 4 potions of magic
 Q - a potion of invisibility
Miscellaneous
 A - 2 sacks of spiders
 W - a lamp of fire
Comestibles
 f - 50 rations


   Skills:
 + Level 16.6(15.0) Fighting
 - Level 20.0(18.2) Maces & Flails
 + Level 17.7(16.1) Armour
 + Level 10.5(9.1) Dodging
 + Level 18.0(16.3) Shields
 - Level 12.0(10.5) Invocations
 - Level 10.0(8.6) Evocations


You had 20 spell levels left.
You didn't know any spells.
Your spell library contained the following spells:

 Spells                   Type           Power        Failure   Level  Hunger
 Animate Skeleton         Necr           N/A          97%         1    ##.....
 Apportation              Tloc           #.....       97%         1    ##.....
 Beastly Appendage        Tmut           #.....       97%         1    ##.....
 Confusing Touch          Hex            #.....       97%         1    ##.....
 Flame Tongue             Conj/Fire      #....        97%         1    ##.....
 Freeze                   Ice            #...         97%         1    ##.....
 Infusion                 Chrm           #...         97%         1    ##.....
 Shock                    Conj/Air       #...         97%         1    ##.....
 Summon Butterflies       Summ           #.......     97%         1    ##.....
 Summon Small Mammal      Summ           #...         97%         1    ##.....
 Call Imp                 Summ           #.......     99%         2    ###....
 Ensorcelled Hibernation  Hex/Ice        #.....       99%         2    ###....
 Poisonous Vapours        Pois/Air       #.....       99%         2    ###....
 Shroud of Golubria       Chrm/Tloc      #.....       99%         2    ###....
 Slow                     Hex            #.......     99%         2    ###....
 Song of Slaying          Chrm           #.......     99%         2    ###....
 Swiftness                Chrm/Air       #.......     99%         2    ###....
 Throw Flame              Conj/Fire      #.....       99%         2    ###....
 Throw Frost              Conj/Ice       #.....       99%         2    ###....
 Call Canine Familiar     Summ           #.......     100%        3    ####...
 Conjure Flame            Conj/Fire      #.......     100%        3    ####...
 Gell's Gravitas          Tloc           #.........   100%        3    ####...
 Inner Flame              Hex/Fire       #.......     100%        3    ####...
 Mephitic Cloud           Conj/Pois/Air  #.......     100%        3    ####...
 Ozocubu's Armour         Chrm/Ice       #.......     100%        3    ####...
 Portal Projectile        Hex/Tloc       #.....       100%        3    ####...
 Regeneration             Chrm/Necr      #.........   100%        3    ####...
 Spectral Weapon          Hex/Chrm       #.......     100%        3    ####...
 Static Discharge         Conj/Air       #.......     100%        3    ####...
 Summon Guardian Golem    Hex/Summ       #.......     100%        3    ####...
 Airstrike                Air            #.........   100%        4    #####..
 Force Lance              Conj/Tloc      #.......     100%        4    #####..
 Ice Form                 Ice/Tmut       #.......     100%        4    #####..
 Leda's Liquefaction      Hex/Erth       #.........   100%        4    #####..
 Sticky Flame             Conj/Fire      #.......     100%        4    #####..
 Summon Ice Beast         Ice/Summ       #.......     100%        4    #####..
 Summon Lightning Spire   Summ/Air       #.......     100%        4    #####..
 Throw Icicle             Conj/Ice       #.......     100%        4    #####..
 Bolt of Magma            Conj/Fire/Erth #.........   100%        5    ######.
 Fireball                 Conj/Fire      #.........   100%        5    ######.
 Iskenderun's Battlesphe  Conj/Chrm      #.......     100%        5    ######.
 Lightning Bolt           Conj/Air       #.........   100%        5    ######.
 Metabolic Englaciation   Hex/Ice        #.........   100%        5    ######.
 Summon Mana Viper        Hex/Summ       #.......     100%        5    ######.
 Venom Bolt               Conj/Pois      #.........   100%        5    ######.
 Bolt of Cold             Conj/Ice       #.........   100%        6    #######
 Dispersal                Tloc           #.........   100%        6    #######
 Freezing Cloud           Conj/Ice/Air   #.........   100%        6    #######
 Iron Shot                Conj/Erth      #.........   100%        6    #######
 Ozocubu's Refrigeration  Ice            #.........   100%        6    #######
 Simulacrum               Ice/Necr       #.........   100%        6    #######
 Orb of Destruction       Conj           #.........   100%        7    #######
 Ring of Flames           Chrm/Fire      #.........   100%        7    #######
 Spellforged Servitor     Conj/Summ      #.........   100%        7    #######
 Summon Hydra             Summ           #.........   100%        7    #######
 Discord                  Hex            #.........   100%        8    #######
 Disjunction              Tloc           #.........   100%        8    #######
 Controlled Blink         Tloc           Unusable     N/A         8    N/A

Dungeon Overview and Level Annotations

Branches:
Dungeon (15/15)            Temple (1/1) D:5            Lair (6/6) D:8
  Swamp (4/4) Lair:2        Snake (4/4) Lair:4        Slime (0/5) Lair:6
    Orc (2/2) D:10            Elf (3/3) Orc:2        Vaults (1/5) D:14
 Depths (0/5) D:15          IceCv (visited)         Desolation (1/1)

Altars:
Ashenzari
Cheibriados
Dithmenos
Elyvilon
Fedhas
Gozag
Hepliaklqana
Kikubaaqudgha
Makhleb
Nemelex Xobeh
Okawaru
Qazlal
Ru
Sif Muna
Trog
Uskayaw
Vehumet
Wu Jian
Xom
Yredelemnul
Zin
The Shining One
Beogh
Jiyva

Shops:
D:4 !   D:12 (   Orc:2 *[*?   Elf:1 *   Snake:1 =}=

Portals:
Trove: D:13 (give 11 potions of heal wounds)

Annotations:
Snake:4 1 runed translucent door, DildoBatman's ghost, adept FoWz
Elf:2 3 runed translucent doors


Innate Abilities, Weirdness & Mutations

You cannot be hasted, slowed, berserked, paralysed or teleported.
You can dig through walls and to a lower floor.
Your four strong arms can wield two-handed weapons with a shield.
You have a pair of large antennae on your head. (SInv)


Message History

The servant of whispers shouts!
You hear a roar!
The saltling no longer looks unusually strong.
The peacekeeper no longer looks unusually strong.
You block the saltling's attack.
The saltling is engulfed in blazing flames.
You destroy the saltling!
Qazlal accepts your kill.
A saltling comes into view.
You block the saltling's attack.
The imperial myrmidon hits you but does no damage.
A saltling comes into view.
The saltling barely misses you.
The servant of whispers mumbles some strange prayers to its god.
The air becomes perfectly still.
You hit the saltling but do no damage.
The saltling is severely damaged.
The imperial myrmidon shouts!
The servant of whispers shouts!
A saltling comes into view.
The saltling hits you!
You die...

................
................. ...
....8............
....{{8...............
...8................#..
....8..##pp............
......8#......).)......
....).L8888..))†.......
......8.pp@8))..)......
........8888.)))p......
........p8888....8.....
..#.....8.............
........88......8......
...............##......
..............p........
.......................
.....................


You could see 3 servants of whispers, 4 imperial myrmidons, a halazid warlock, 2
peacekeepers and 22 saltlings.

Vanquished Creatures
  the Lernaean hydra (Swamp:4)
  2 deep elf blademasters (Elf:3)
  2 deep elf master archers (Elf:3)
  Gastronok (D:8)
  Kirke (Swamp:2)
  Donald (Elf:1)
  Roxanne (Elf:1)
  9 nagarajas (Snake:4)
  A frost giant (IceCv)
  7 deep elf sorcerers
  Aizul (Snake:1)
  A very ugly thing (Swamp:4)
  2 deep elf elementalists (Elf:3)
  Nessos (D:14)
  23 slime creatures
  5 deep elf annihilators
  7 deep elf demonologists (Elf:3)
  The ghost of Keeluq the Geomancer, a journeyman GrEE of Vehumet (Orc:1)
  Azrael (Elf:1)
  6 deep elf death magi
  Snorg (Lair:5)
  2 green deaths (Swamp:4)
  Josephine (Orc:2)
  A yaktaur captain (Vaults:1)
  3 deep elf high priests
  A servant of whispers (Desolation)
  4 vault guards (D:14)
  3 ragged hierophants
  11 naga warriors
  An ice dragon (shapeshifter) (D:15)
  2 peacekeepers
  24 hydras
  10 alligators
  2 catoblepae
  A deep troll shaman (Lair:6)
  Erica (D:8)
  13 anacondas
  2 ogre magi (D:13)
  10 death yaks
  10 two-headed ogres
  8 dancing weapons
  A thrashing horror (Swamp:4)
  6 orc high priests
  6 naga sharpshooters
  2 deep troll earth magi (D:13)
  8 shock serpents
  5 skeletal warriors (D:14)
  8 deep elf knights
  A death drake (shapeshifter) (D:14)
  An iron troll (D:13)
  4 salamander mystics
  2 spriggan druids
  2 unseen horrors
  8 swamp dragons
  4 sea snakes (Snake:3)
  A glowing orange brain (D:15)
  8 naga ritualists
  8 deep elf archers
  A glowing orange brain (shapeshifter) (Elf:3)
  A deep troll (D:13)
  A wizard (D:13)
  6 orc knights
  42 deep elf magi
  An ironbrand convoker (Vaults:1)
  A lindwurm (Lair:6)
  Pikel (D:9)
  11 mana vipers
  25 ugly things
  4 moths of wrath (D:13)
  An orc sorcerer (Orc:2)
  6 cyclopes
  Joseph (D:10)
  15 salamanders
  2 manticores
  13 elephants
  44 black mambas
  14 naga magi
  8 orange demons
  Maurice (D:8)
  An ice statue (IceCv)
  3 guardian serpents
  A torpor snail (Lair:3)
  3 rime drakes
  5 centaur skeletons
  A gargoyle (D:10)
  11 spiny frogs
  8 komodo dragons
  4 yaktaurs (Vaults:1)
  A kobold demonologist (D:11)
  A komodo dragon (shapeshifter) (D:13)
  An efreet (D:15)
  A freezing wraith (D:14)
  3 tengu conjurers
  A silent spectre (D:13)
  A harpy zombie (D:14)
  2 red devils (D:10)
  3 meliai
  2 meliai (shapeshifter)
  A queen bee (Lair:3)
  20 polar bears
  Prince Ribbit (D:8)
  A wolf spider simulacrum (D:13)
  6 hornets
  10 trolls
  6 hippogriffs
  10 tyrant leeches
  13 saltlings
  11 blink frogs
  13 bog bodies
  4 dream sheep (Lair:6)
  3 spriggans
  2 vampires
  3 centaur simulacra (D:13)
  3 shadows
  8 wraiths
  Sigmund (D:6)
  4 water elementals
  6 air elementals
  4 wyverns
  49 yaks
  5 fire elementals (Elf:1)
  A hog (shapeshifter) (D:15)
  2 hogs
  14 vampire mosquitoes
  A tarantella (shapeshifter) (Vaults:1)
  A wyvern (shapeshifter) (D:15)
  6 hungry ghosts
  6 basilisks
  4 steam dragons
  15 swamp worms
  3 wargs
  59 nagas
  2 insubstantial wisps
  4 hell hounds (Elf:1)
  2 acid dragons
  12 water moccasins
  37 orc warriors
  13 porcupines
  6 swamp drakes
  2 large abominations (Swamp:4)
  A meliai simulacrum (D:13)
  8 ice beasts
  3 sky beasts
  A slave (D:9)
  6 black bears
  A phantom (D:6)
  24 wolves
  A hornet zombie (D:9)
  4 necrophages
  12 ogres
  An ettin simulacrum (Vaults:1)
  An ogre (shapeshifter) (D:15)
  A boggart (D:13)
  10 centaurs
  13 crocodiles
  A big kobold (D:2)
  23 bullfrogs
  3 earth elementals
  A water moccasin zombie (D:6)
  5 scorpions
  2 troll zombies (D:10)
  5 wights (D:7)
  35 killer bees
  5 howler monkeys
  12 crimson imps
  3 jellies
  2 quasits
  A bullfrog zombie (D:7)
  A centaur zombie (D:8)
  31 orc priests
  8 hounds
  21 orc wizards
  2 bullfrog skeletons (D:6)
  6 iguanas
  18 worker ants
  A killer bee zombie (D:9)
  4 ogre zombies (D:10)
  A bullfrog simulacrum (D:13)
  2 hound zombies
  A hound skeleton (D:2)
  A worker ant zombie (D:7)
  7 gnolls
  15 adders
  A river rat (Lair:3)
  5 shadow imps
  16 white imps
  3 ufetubi (D:13)
  An ooze (D:4)
  An adder zombie (D:6)
  2 adder skeletons
  4 worms
  A dart slug (D:3)
  4 leopard geckos
  78 orcs
  3 giant cockroaches
  8 goblins
  12 hobgoblins
  10 jackals
  2 quokkas
  3 ball pythons
  A ball python skeleton (D:6)
  7 bats
  7 frilled lizards
  2 goblin skeletons (D:10)
  A hobgoblin skeleton (D:10)
  A hobgoblin zombie (D:10)
  A jackal skeleton (D:4)
  11 kobolds
  2 leopard gecko zombies (D:7)
  6 orc skeletons (D:10)
  9 orc zombies (D:10)
  A quokka skeleton (D:8)
  2 quokka zombies
  7 rats
  2 butterflies
1404 creatures vanquished.

Vanquished Creatures (collateral kills)
  Nikola (Snake:3)
  An imperial myrmidon (Desolation)
  An ironheart preserver (Vaults:1)
  A deep elf annihilator (Elf:3)
  A deep elf death mage (Elf:3)
  An ogre mage (Vaults:1)
  4 ragged hierophants (Desolation)
  A peacekeeper (Desolation)
  5 servants of whispers
  A centaur warrior (Vaults:1)
  2 ironbrand convokers (Desolation)
  A guardian serpent (Desolation)
  A black mamba (Snake:1)
  A spiny frog (Swamp:2)
  A yaktaur (Vaults:1)
  A slime creature (Vaults:1)
  2 tyrant leeches (Swamp:1)
  11 saltlings (Desolation)
  2 bog bodies (Swamp:1)
  2 vampire mosquitoes
  2 insubstantial wisps (Swamp:1)
  A swamp drake (Swamp:1)
  An ogre (Vaults:1)
45 creatures vanquished.

Vanquished Creatures (others)
  A two-headed ogre (D:13)
  A deep elf knight (Elf:2)
  2 saltlings (Desolation)
  A tyrant leech (Swamp:1)
  A water elemental (Elf:1)
  A yak (IceCv)
  2 wolves
  A killer bee (Lair:3)
  A bush (Lair:5)
  52 fungi
  28 plants
91 creatures vanquished.

Grand Total: 1540 creatures vanquished

Notes
Turn   | Place    | Note
-------+----------+-------------------------------------------
     0 | D:1      | Rediskos the Formicid Fighter began the quest for the Orb.
     0 | D:1      | Reached XP level 1. HP: 18/18 MP: 1/1
   132 | D:1      | Reached XP level 2. HP: 24/24 MP: 2/2
   301 | D:1      | Reached XP level 3. HP: 26/29 MP: 3/3
   721 | D:2      | Reached XP level 4. HP: 15/37 MP: 4/4
   943 | D:2      | Reached skill level 3 in Maces & Flails
   998 | D:2      | Noticed a big kobold
  1016 | D:2      | Killed a big kobold
  1016 | D:2      | Reached XP level 5. HP: 36/42 MP: 5/5
  1964 | D:3      | Found a shattered altar of Ashenzari.
  2074 | D:3      | Found a white marble altar of Elyvilon.
  2321 | D:3      | Reached XP level 6. HP: 42/48 MP: 6/6
  2558 | D:4      | Reached skill level 4 in Maces & Flails
  3129 | D:4      | Reached skill level 5 in Shields
  3312 | D:4      | Noticed an ogre
  3398 | D:4      | Reached XP level 7. HP: 47/55 MP: 7/7
  3503 | D:4      | Reached skill level 5 in Maces & Flails
  3806 | D:4      | Found Anelim's Distillery.
  3829 | D:4      | Bought a potion of flight for 33 gold pieces
  3829 | D:4      | Bought a potion of curing for 33 gold pieces
  3995 | D:5      | Entered Level 5 of the Dungeon
  4059 | D:5      | Found a staircase to the Ecumenical Temple.
  4068 | D:5      | Reached skill level 5 in Fighting
  4068 | D:5      | Reached skill level 5 in Armour
  4073 | Temple   | Entered the Ecumenical Temple
  4183 | Temple   | Became a worshipper of Qazlal Stormbringer
  4279 | D:5      | Reached XP level 8. HP: 59/62 MP: 8/8
  4329 | D:5      | Reached skill level 1 in Invocations
  4570 | D:5      | Noticed a troll
  4863 | D:6      | Reached skill level 6 in Maces & Flails
  5280 | D:6      | Found a burning altar of Makhleb.
  5374 | D:6      | Reached XP level 9. HP: 67/69 MP: 11/11
  5491 | D:6      | Reached * piety under Qazlal
  5641 | D:6      | Reached skill level 7 in Maces & Flails
  5661 | D:6      | You fall into a shaft and drop 2 floors!
  5661 | D:8      | Noticed a two-headed ogre
  5985 | D:6      | Noticed Sigmund
  5993 | D:6      | Killed Sigmund
  6720 | D:7      | Reached skill level 8 in Maces & Flails
  6944 | D:7      | Reached XP level 10. HP: 76/76 MP: 13/13
  6948 | D:7      | Got a pair of distressingly furry gloves
  6954 | D:7      | Identified the +2 pair of gloves of the Game of Kings
                  | {rElec} (You found it on level 7 of the Dungeon)
  7163 | D:7      | Reached skill level 5 in Invocations
  7357 | D:8      | Reached ** piety under Qazlal
  7481 | D:8      | Noticed a two-headed ogre
  7592 | D:8      | Killed a two-headed ogre
  7592 | D:8      | Reached skill level 9 in Maces & Flails
  7879 | D:8      | Noticed Maurice
  7903 | D:8      | Killed Maurice
  7951 | D:8      | Noticed Erica
  7971 | D:8      | Killed a two-headed ogre
  7984 | D:8      | Killed Erica
  7984 | D:8      | Reached XP level 11. HP: 71/85 MP: 15/15
  7991 | D:8      | Noticed Prince Ribbit
  8030 | D:8      | Killed Prince Ribbit
  8343 | D:7      | Reached skill level 10 in Maces & Flails
  8625 | D:8      | Noticed Joseph
  8752 | D:8      | Found a staircase to the Lair.
  9195 | D:8      | Noticed Gastronok
  9233 | D:8      | Killed Gastronok
  9767 | D:9      | Reached *** piety under Qazlal
 10118 | D:9      | Noticed a manticore
 10132 | D:9      | Killed a manticore
 10590 | D:9      | Reached XP level 12. HP: 88/93 MP: 17/17
 10610 | D:9      | Identified the +11 falchion of Duty {elec, rN+ Dex+4}
 10610 | D:9      | Identified the amulet "Mubriaxt" {Harm *Drain Dex+5 Slay+2}
 10620 | D:9      | Reached skill level 11 in Maces & Flails
 10702 | D:9      | Reached skill level 10 in Shields
 11081 | D:9      | Noticed Pikel
 11097 | D:9      | Killed Pikel
 11116 | D:10     | Entered Level 10 of the Dungeon
 11372 | D:10     | Killed Joseph
 12060 | D:10     | Reached **** piety under Qazlal
 13122 | D:10     | Found a staircase to the Orcish Mines.
 13963 | D:10     | Reached skill level 12 in Maces & Flails
 13982 | D:10     | Reached skill level 10 in Armour
 13982 | D:10     | Reached skill level 1 in Evocations
 14337 | Lair:1   | Entered Level 1 of the Lair of Beasts
 14995 | Lair:1   | Reached skill level 10 in Fighting
 15001 | Lair:1   | Reached XP level 13. HP: 72/101 MP: 19/19
 16521 | Lair:2   | Noticed an eight-headed hydra
 16533 | Lair:2   | Killed an eight-headed hydra
 16576 | Lair:2   | Noticed a five-headed hydra
 16585 | Lair:2   | Killed a five-headed hydra
 16585 | Lair:2   | Reached skill level 1 in Dodging
 16608 | Lair:2   | Noticed a seven-headed hydra
 16621 | Lair:2   | Killed a seven-headed hydra
 16757 | Lair:2   | Noticed a seven-headed hydra
 17254 | Lair:2   | Found a staircase to the Swamp.
 17366 | Lair:2   | Killed a seven-headed hydra
 17546 | Lair:2   | Got an ancient pewter ring
 17787 | Lair:3   | Identified a scroll of acquirement
 17961 | Lair:3   | Reached skill level 13 in Maces & Flails
 18334 | Lair:3   | Reached ***** piety under Qazlal
 18585 | Lair:3   | Identified the ring "Fiddow" {rF+ rC+} (You found it on
                  | level 2 of the Lair of Beasts)
 19051 | Lair:4   | Reached skill level 5 in Evocations
 19060 | Lair:4   | Noticed an eight-headed hydra
 19065 | Lair:4   | Killed an eight-headed hydra
 19275 | Lair:4   | Noticed a six-headed hydra
 19277 | Lair:4   | Reached XP level 14. HP: 109/109 MP: 20/20
 19404 | Lair:4   | Found a staircase to the Snake Pit.
 20051 | Snake:1  | Entered Level 1 of the Snake Pit
 20481 | Lair:5   | Noticed Snorg
 20496 | Lair:5   | Killed Snorg
 20736 | Lair:5   | Reached skill level 14 in Maces & Flails
 20940 | Lair:5   | Reached ****** piety under Qazlal
 21681 | Lair:6   | Entered Level 6 of the Lair of Beasts
 21755 | Lair:6   | Reached skill level 5 in Dodging
 22439 | Lair:6   | Reached XP level 15. HP: 85/118 MP: 21/21
 22802 | Lair:6   | Found a viscous altar of Jiyva.
 22809 | Lair:6   | Found a staircase to the Slime Pits.
 23784 | Swamp:1  | Entered Level 1 of the Swamp
 24065 | Lair:5   | Got a transparent trident
 24066 | Lair:5   | Identified the +7 trident "Ludeweri" {flame, MR+ Int+7}
                  | (You found it on level 5 of the Lair of Beasts)
 24520 | Swamp:1  | Reached skill level 15 in Maces & Flails
 24890 | Swamp:2  | Noticed Kirke
 26398 | D:12     | Found Qaloex's Weapon Boutique.
 28011 | D:13     | Found a transporter.
 28216 | D:13     | Found a portal to a secret trove of treasure.
 28352 | D:13     | Found a transporter.
 28410 | D:13     | Found a bloodstained altar of Trog.
 28411 | D:13     | Found the cursed necklace of Bloodlust {*Rage +Rage MR++
                  | Int-3 Slay+6 *Curse}
 28606 | D:13     | Found a runed translucent door.
 28616 | D:13     | Reached XP level 16. HP: 127/127 MP: 20/22
 28955 | D:13     | Got a faintly glowing plate armour
 29072 | D:13     | Identified the +7 plate armour of the Monkey {MP+9 Int+2}
                  | (You found it on level 13 of the Dungeon)
 29148 | Orc:1    | Entered Level 1 of the Orcish Mines
 29318 | Orc:1    | Found a runed translucent gate.
 29319 | Orc:1    | Found a runed translucent gate.
 29320 | Orc:1    | Found a runed translucent gate.
 29323 | Orc:1    | Noticed Keeluq's ghost (journeyman GrEE)
 29589 | Orc:1    | Killed Keeluq's ghost
 29603 | Orc:1    | Got a translucent platinum ring
 29611 | Orc:1    | Identified the ring "Vipn" {Wiz rN+} (You found it on level
                  | 1 of the Orcish Mines)
 29641 | Orc:2    | Entered Level 2 of the Orcish Mines
 29659 | Orc:2    | Noticed Josephine
 29683 | Orc:2    | Killed Josephine
 29739 | Orc:2    | Found a roughly hewn altar of Beogh.
 29850 | Orc:2    | Found a staircase to the Elven Halls.
 29867 | Orc:2    | Reached skill level 16 in Maces & Flails
 31251 | Orc:2    | Found Xoish's Magic Scroll Boutique.
 31254 | Orc:2    | Found Geh Habb's Assorted Antiques.
 31255 | Orc:2    | Found Hiuwka's Assorted Antiques.
 31256 | Orc:2    | Found Waif's Antique Armour Shop.
 31259 | Orc:2    | Bought a scroll of magic mapping for 115 gold pieces
 31971 | Swamp:2  | Killed Kirke
 32626 | Swamp:2  | Reached XP level 17. HP: 106/135 MP: 24/24
 32634 | Swamp:2  | Reached skill level 10 in Invocations
 33754 | Swamp:4  | Entered Level 4 of the Swamp
 35433 | Swamp:4  | Noticed the 27-headed Lernaean hydra
 35446 | Swamp:4  | Killed the 27-headed Lernaean hydra
 35682 | Swamp:4  | Got a decaying rune of Zot
 36114 | Elf:1    | Entered Level 1 of the Elven Halls
 36133 | Elf:1    | Reached skill level 17 in Maces & Flails
 36536 | Elf:1    | Noticed Donald
 36544 | Elf:1    | Killed Donald
 36574 | Elf:1    | Reached skill level 10 in Evocations
 36574 | Elf:1    | Reached XP level 18. HP: 131/143 MP: 26/26
 36650 | Elf:1    | Reached skill level 15 in Shields
 36817 | Elf:1    | Found Gusegado's General Store.
 37184 | Elf:1    | Noticed Roxanne
 37385 | Elf:1    | Noticed Azrael
 37406 | Elf:1    | Killed Azrael
 37990 | Elf:1    | Killed Roxanne
 38937 | Elf:2    | Got a faintly glowing morningstar
 38944 | Elf:2    | Identified the +11 morningstar of Vengeance {crush, rElec
                  | rF+++ MR- SInv} (You found it on level 2 of the Elven
                  | Halls)
 39062 | Elf:2    | Found a runed translucent gate.
 39063 | Elf:2    | Found a runed translucent gate.
 39064 | Elf:2    | Found a runed translucent gate.
 39157 | Elf:3    | Entered Level 3 of the Elven Halls
 39288 | Elf:3    | Noticed a deep elf blademaster
 39298 | Elf:3    | Killed a deep elf blademaster
 39533 | Elf:3    | Reached XP level 19. HP: 141/153 MP: 27/27
 39565 | Elf:3    | Noticed a deep elf blademaster
 39587 | Elf:3    | Killed a deep elf blademaster
 40205 | Elf:3    | Reached skill level 18 in Maces & Flails
 40283 | Elf:3    | Identified the +8 war axe of Iconoclasm {speed, rPois rF+}
 40551 | Elf:3    | Identified the Papyrus of Fetching Changing
 40562 | Elf:3    | Got a crude plate armour
 40566 | Elf:3    | Identified the +8 plate armour of the Solstice {rElec
                  | Regen+ Int+4 Dex+2} (You found it on level 3 of the Elven
                  | Halls)
 40941 | Snake:1  | Reached skill level 10 in Dodging
 41130 | Snake:1  | Noticed Aizul
 41144 | Snake:1  | Killed Aizul
 41807 | Snake:1  | Found Vukenal's Jewellery Shoppe.
 41808 | Snake:1  | Found Baopnaem's Gadget Shop.
 41810 | Snake:1  | Found Unijios's Jewellery Shoppe.
 42076 | Snake:2  | Reached skill level 15 in Armour
 42139 | Snake:2  | Reached skill level 15 in Fighting
 42232 | Snake:2  | Reached XP level 20. HP: 162/162 MP: 29/29
 42311 | Snake:2  | Identified the amulet "Coyli" {+Rage rPois}
 42950 | Snake:3  | Reached skill level 19 in Maces & Flails
 43152 | Snake:3  | Noticed Nikola
 43165 | Snake:3  | Killed Nikola
 43755 | Snake:4  | Entered Level 4 of the Snake Pit
 44183 | Snake:4  | Found a burning altar of Makhleb.
 44209 | Snake:4  | Found a runed translucent door.
 44209 | Snake:4  | Found a shimmering altar of Xom.
 44209 | Snake:4  | Noticed DildoBatman's ghost (adept FoWz)
 44835 | Snake:4  | Reached XP level 21. HP: 157/170 MP: 30/30
 44906 | Snake:4  | Got a serpentine rune of Zot
 45434 | D:14     | Noticed Nessos
 45439 | D:14     | Killed Nessos
 45745 | D:14     | Found a gate to the Vaults.
 46244 | D:15     | Entered Level 15 of the Dungeon
 46345 | D:15     | Found a frozen archway.
 46363 | IceCv    | Entered an ice cave
 46377 | IceCv    | Reached skill level 20 in Maces & Flails
 47658 | D:15     | Found a staircase to the Depths.
 47848 | Vaults:1 | Entered Level 1 of the Vaults
 47953 | Vaults:1 | Found a ruined gateway.
 47957 | Desolati | Entered the Desolation of Salt
 48053 | Desolati | Slain by a saltling

Levels and vault maps discovered:
D:1:      dpeg_arrival_tiny_h, layout_basic
D:2:      layout_loops_ring, first_ration
D:3:      layout_basic, lemuel_doored_altar, ashenzari_altar_1
D:4:      layout_basic, serial_shops, nicolae_shop_behind_doors, st_stairs_12
D:5:      layout_cave_pools, temple_green, hangedman_abyss_or_decor_lesser_grid
D:6:      layout_basic, basic_altar, bh_walls_and_bars, uniq_sigmund
D:7:      layout_layer_cave
D:8:      cheibrodos_steamvent, layout_basic, due_lair_maze_entry_diamond,
          serial_co_window_serial, co_window_paths_a, co_window_paths_a,
          co_window_corner_a, co_window_corner_a, co_window_paths_a,
          co_window_corner_a, co_window_corner_a, co_window_corner_b,
          co_window_2corner, glass_columns_a, uniq_gastronok, uniq_maurice,
          uniq_erica, uniq_prince_ribbit1, uniq_joseph
D:9:      minmay_the_grid_3x3 [minmay_the_grid_dragon_b,
          minmay_the_grid_square_x, minmay_the_grid_spikes,
          minmay_the_grid_large_cup, minmay_the_grid_garden,
          minmay_the_grid_tree, minmay_the_grid_x, minmay_the_grid_empty,
          minmay_the_grid_prize_big_room], layout_small_grid, uniq_pikel
D:10:     layout_roguey, zombieorc1_lemuel, minmay_beelzebubs_servants
D:11:     layout_irregular_city
D:12:     layout_loops_ring, serial_shops, shop, grunt_tengu_nest
D:13:     emtedronai_trogs_sanctum, layout_irregular_city, serial_ice,
          serial_ice_k, serial_ice_o, serial_ice_a, serial_ice_e, serial_ice_g,
          serial_ice_b, serial_ice_d, serial_ice_n, enter_trove_6
D:14:     layout_loops_ring, lightli_vaults_fourway_checkpoint,
          minmay_staircase_windowed_large, uniq_nessos
D:15:     gammafunk_enter_depths_forms, layout_irregular_city,
          corexii_hall_statues_i, portal_ice_cave_entry_imps
Temple:   kilobyte_greek_temple
Lair:1:   layout_small_grid, lemuel_fruit_fields
Lair:2:   layout_regular_city, palyth_hydra_swamp_entry, hibernation_bobbens
Lair:3:   regret_index_combs_of_tragedy, layout_hall_layers
Lair:4:   layout_concentric_octagons, guppyfry_snake_entry_garden,
          guppyfry_lair_drakes, lemuel_fruit_tree
Lair:5:   layout_concentric_octagons, grunt_megastairs_5, serial_bayou_shore_b,
          uniq_snorg
Lair:6:   grunt_lair_end_beastmaster, layout_small_grid, slime_altar_1
Swamp:1:  layout_falls_marsh, evilmike_swamp_ruin_rubble_2, swamp_pool4
Swamp:2:  layout_basic_swamp, evilmike_swamp_ruin_house_3, uniq_kirke
Swamp:3:  layout_basic_swamp, nicolae_swamp_triple_paths, swamp_pool1
Swamp:4:  swamp_vile, layout_basic_swamp, swamp_pool2, nicolae_swamp_treefoil,
          infiniplex_staircase_pool
Snake:1:  layout_grid_maze, minmay_shop_grove, uniq_aizul
Snake:2:  layout_misc_corridors
Snake:3:  layout_cave_town, st_stairs_6, serial_bayou_shore_a, uniq_nikola
Snake:4:  minmay_snake_end_coiled, layout_cave_town, ebering_ghost_xom,
          basic_altar, grunt_megastairs_2
Orc:1:    layout_caves, gammafunk_ghost_split
Orc:2:    st_orc_pillars, layout_diamond_mine, abandoned_shop,
          nicolae_orc_bridge_out, mines1_david, uniq_josephine
Elf:1:    eino_elf_arrival_the_gate, layout_geoelf_octagon, serial_shops,
          nicolae_shop_temple_entry_statues_fountains, hangedman_elf_represent,
          uniq_azrael, uniq_donald, uniq_roxanne
Elf:2:    layout_geoelf_octagon
Elf:3:    grunt_elf_hall_asides, layout_gridlike, nicolae_wwwww,
          grunt_ministairs_11
Vaults:1: v_misc_26, vaults_mumra_chevron, hangedman_vaults_stretched_pinwheel,
          kb_rosetta, v_pattern_2, vaults_dpeg_ring, vaults_dpeg_hooks,
          nicolae_vaults_windows_and_doors_thing, nicolae_vaults_alarming,
          layout_vaults_quadrants, portal_desolation_entry_salt
Desolation

Skill      XL: |  1  2  3  4  5  6  7  8  9 10 11 12 13 14 15 16 17 18 19 20 21 |
---------------+----------------------------------------------------------------+-----
Shields        | 4 5 6 7 8 9 11 12 13 14 15 16 17 18 | 18.0
Maces & Flails | 3 4 5 6 8 9 10 12 13 14 15 16 17 18 19 20 | 20.0
Fighting       | 4 5 6 7 8 10 11 12 13 14 15 16 | 16.6
Armour         | 4 5 6 8 9 10 11 12 13 15 16 17 | 17.7
Invocations    | 2 4 6 7 8 9 10 11 12 | 12.0
Evocations     | 2 5 7 8 9 10 | 10.0
Dodging        | 3 5 6 7 8 9 10 | 10.5

Action                   |  1- 3 |  4- 6 |  7- 9 | 10-12 | 13-15 | 16-18 | 19-21 || total
-------------------------+-------+-------+-------+-------+-------+-------+-------++-------
Melee: Flail             |    97 |   230 |   453 |   942 |       |       |       ||  1722
       Morningstar       |       |       |       |    66 |  1635 |   447 |  1291 ||  3439
       Great mace        |       |       |       |       |       |  1046 |       ||  1046
Invok: Upheaval          |       |       |       |     1 |       |     2 |     1 ||     4
       Elemental Force   |       |       |       |       |     2 |     8 |     6 ||    16
       Disaster Area     |       |       |       |       |       |     2 |     2 ||     4
 Abil: Dig               |       |       |     4 |     4 |    19 |    28 |    65 ||   120
       Evoke Invisibilit |       |       |       |       |     2 |     3 |       ||     5
Evoke: Wand              |       |       |       |     4 |       |       |     2 ||     6
       Sack of spiders   |       |       |       |       |       |       |     1 ||     1
  Use: Scroll            |       |     9 |       |     8 |     7 |     8 |    15 ||    47
       Potion            |       |       |       |       |       |     1 |     4 ||     5
 Stab: Confused          |       |       |       |       |     1 |       |       ||     1
       Invisible         |       |       |       |       |     3 |    13 |     4 ||    20
       Distracted        |       |       |       |       |       |     2 |     3 ||     5
       Held in net/web   |       |       |       |       |       |       |     1 ||     1
  Eat: Chunk             |       |     5 |    12 |    20 |    33 |    20 |    15 ||   105
       Ration            |       |     1 |       |     4 |     5 |     6 |     5 ||    21
Armor: Scale mail        |    44 |    58 |       |       |       |       |       ||   102
       Plate armour      |       |    33 |   218 |   331 |   487 |   387 |   218 ||  1674
Dodge: Dodged            |    29 |    59 |    94 |   139 |   210 |   258 |   186 ||   975
       Deflected         |       |       |       |     3 |     4 |    17 |    17 ||    41
Block: Shield            |    51 |   117 |   150 |   728 |    90 |       |       ||  1136
       Buckler           |       |     5 |    74 |       |       |       |       ||    79
       Large shield      |       |       |       |       |  1721 |  1624 |  1175 ||  4520
